AoeStats
← ELBO | Dseko

Pilgrims

509754419Analyzed
2v2 RM · 3d ago on Sep 27, 2026· 29m 33s· 4 players
Game mode
Random Map
Map size
Medium (4 player)
Population
200
Speed
Normal
Resources
Standard
Victory
Conquest
Starting age
Dark Age
Ending age
Imperial Age
RankedLock teamsTeams togetherTeam positionsShared explorationLock speedFull tech treeHidden civsTurbo modeCheats
Victory
Defeat
🇵🇪 Mongols · Peru
1401
+14
🇵🇪 Vikings · Peru
1382
+14
🇦🇷 Poles · Argentina
1356
-14
🇦🇷 Britons · Argentina
1349
-14
ELBO | Fantozzi
3:47 Loom
10:24 Feudal Age
16:46 Castle Age
15:26 Fletching
16:07 Gold Mining
17:18 Town Watch
18:01 Double-Bit Axe
20:07 Bow Saw
22:12 Gold Shaft Mining
24:45 Town Patrol
26:07 Stone Mining
29:34 Scale Mail Armor
32:37 Imperial Age
ELBO | Dseko
2:32 Loom
11:12 Feudal Age
19:58 Castle Age
18:19 Forging
18:15 Scale Barding Armor
22:46 Iron Casting
27:35 Light Cavalry
28:25 Bloodlines
28:16 Husbandry
EstebanVII
6:28 Loom
13:07 Feudal Age
21:45 Castle Age
20:31 Double-Bit Axe
21:31 Horse Collar
21:42 Gold Mining
23:59 Bow Saw
23:58 Scale Barding Armor
24:49 Forging
26:13 Bloodlines
maximiliano2042
9:56 Loom
11:59 Feudal Age
15:45 Castle Age
29:09 Padded Archer Armor
29:00 Fletching
Connection lost

Rejoining the realm…

Still unreachable

The connection could not be restored.

Session expired

The server has moved on; the page needs a fresh start.